General information
- name: BNet
- type: Ladder team game (AT/RT)
- host: Battle.net
- saver: INCEST-IN-WC3
map: TwilightRuins
- players: 8
- length: 35:11
- speed: Fast
- version: 1.26 W3XP
- replay type: Public
» download(228 KB)
Players
team 1 (winner)
BananaBilly (
pink | 77 APM | 2694 actions | 35:10)
9 Archmage
3 Summon Water Elemental
3 Brilliance Aura
1 Mass Teleport
2 Blizzard
8 Mountain King
3 Storm Bolt
3 Bash
1 Avatar
1 Thunder Clap
» actions
| Assign group hotkey | 54 | |
| Build / train | 105 | |
| Enter build submenu | 40 | |
| Enter hero's abilities submenu | 20 | |
| Give item / drop item | 2 | |
| Right click | 808 | |
| Select / deselect | 383 | |
| Select group hotkey | 1081 | |
| Use ability | 201 | |
2694 total
» units
| Peasant | 17 | |
| Footman | 6 | |
| Priest | 10 | |
| Knight | 10 | |
| Sorceress | 3 | |
| Dragonhawk Rider | 5 | |
51 total
» upgrades
| Lumber Harvesting | 1 | |
| Masonry | 2 | |
| Priest Training | 2 | |
| Animal War Training | 1 | |
| Plating | 3 | |
| Swords | 3 | |
| Sorceress Training | 2 | |
| Cloud | 1 | |
15 total
» buildings
| Altar of Kings | 1 | |
| Farm | 14 | |
| Barracks | 3 | |
| Town Hall | 4 | |
| Scout Tower | 10 | |
| Lumber Mill | 1 | |
| Keep | 1 | |
| Arcane Vault | 1 | |
| Guard Tower | 6 | |
| Castle | 1 | |
| Arcane Sanctum | 2 | |
| Blacksmith | 1 | |
| Gryphon Aviary | 2 | |
47 total
» build order
00:11 Altar of Kings
00:14 Farm
00:17 Farm
01:01 Barracks
01:06 Barracks
01:13 Farm
03:15 Town Hall
03:23 Scout Tower
03:42 Farm
03:44 Farm
03:58 Scout Tower
04:12 Lumber Mill
04:58 Keep
05:54 Arcane Vault
06:08 Guard Tower
06:19 Farm
07:11 Scout Tower
07:17 Scout Tower
07:38 Castle
07:40 Arcane Sanctum
07:45 Blacksmith
08:38 Farm
08:59 Arcane Sanctum
12:31 Farm
12:33 Farm
14:46 Guard Tower
15:41 Guard Tower
15:46 Barracks
16:23 Farm
16:25 Farm
19:01 Gryphon Aviary
19:04 Gryphon Aviary
19:09 Farm
19:11 Farm
25:24 Town Hall
28:02 Scout Tower
28:05 Scout Tower
28:06 Scout Tower
28:36 Guard Tower
28:39 Scout Tower
28:41 Scout Tower
28:41 Scout Tower
29:12 Guard Tower
29:32 Guard Tower
30:04 Farm
32:15 Town Hall
34:14 Town Hall
» items
| Scroll of Regeneration | 2 | |
| Scroll of Town Portal | 5 | |
| Staff of Sanctuary | 1 | |
| Orb of Fire | 1 | |
| Ivory Tower | 2 | |
| Potion of Healing | 1 | |
12 total

»
INCEST-IN-WC3 (
teal | 73 APM | 2564 actions | 35:11)
10 Dark Ranger
3 Black Arrow
3 Silence
1 Charm
3 Life Drain
» actions
| Assign group hotkey | 247 | |
| Basic commands | 3 | |
| Build / train | 63 | |
| Enter build submenu | 21 | |
| Enter hero's abilities submenu | 10 | |
| Give item / drop item | 1 | |
| Right click | 1017 | |
| Select / deselect | 280 | |
| Select group hotkey | 855 | |
| Use ability | 67 | |
2564 total
» units
| Acolyte | 8 | |
| Ghoul | 4 | |
| Frost Wyrm | 9 | |
| Peon | 4 | |
25 total
» upgrades
| Creature Attack | 3 | |
| Creature Carapace | 3 | |
| Freezing Breath | 1 | |
7 total
» buildings
| Crypt | 1 | |
| Ziggurat | 7 | |
| Altar of Darkness | 1 | |
| Nerubian Tower | 1 | |
| Graveyard | 1 | |
| Halls of the Dead | 1 | |
| Black Citadel | 1 | |
| Sacrificial Pit | 1 | |
| Spirit Tower | 4 | |
| Boneyard | 3 | |
| Tomb of Relics | 1 | |
| Necropolis | 2 | |
| Great Hall | 2 | |
26 total
» build order
00:08 Crypt
00:11 Ziggurat
00:39 Altar of Darkness
01:10 Nerubian Tower
01:18 Ziggurat
02:30 Graveyard
02:33 Halls of the Dead
02:51 Ziggurat
03:22 Ziggurat
04:55 Black Citadel
04:58 Sacrificial Pit
05:06 Ziggurat
06:08 Spirit Tower
07:34 Boneyard
07:35 Boneyard
10:28 Spirit Tower
10:30 Spirit Tower
10:50 Ziggurat
10:52 Ziggurat
11:19 Tomb of Relics
12:41 Boneyard
12:44 Spirit Tower
24:32 Necropolis
24:57 Great Hall
29:00 Great Hall
34:20 Necropolis
» items
| Staff of Teleportation | 1 | |
| Lesser Clarity Potion | 1 | |
| Scroll of Regeneration | 1 | |
| Scroll of Town Portal | 3 | |
| Healing Wards | 1 | |
| Wand of the Wind | 1 | |
| Scroll of Healing | 2 | |
| Potion of Lesser Invulnerability | 2 | |
| Potion of Invisibility | 1 | |
13 total
I_Hustle (
purple | 55 APM | 1925 actions | 35:10)
6 Keeper of the Grove
2 Entangling Roots
3 Thorns Aura
1 Tranquility
7 Demon Hunter
3 Immolation
3 Evasion
1 Metamorphosis
» actions
| Build / train | 132 | |
| Enter build submenu | 39 | |
| Enter hero's abilities submenu | 13 | |
| Give item / drop item | 1 | |
| Remove unit from queue | 4 | |
| Right click | 792 | |
| Select / deselect | 772 | |
| Use ability | 172 | |
1925 total
» units
| Wisp | 30 | |
| Archer | 10 | |
| Glaive Thrower | 2 | |
| Mountain Giant | 3 | |
| Druid of the Talon | 24 | |
| Dryad | 6 | |
| Druid of the Claw | 7 | |
| Faerie Dragon | 3 | |
| Hippogryph | 4 | |
89 total
» upgrades
| Strength of the Moon | 1 | |
| Moon Armor | 1 | |
| Abolish Magic | 1 | |
| Strength of the Wild | 3 | |
| Druid of the Talon Training | 2 | |
| Reinforced Hides | 1 | |
| Druid of the Claw Training | 2 | |
| Mark of the Claw | 1 | |
| Mark of the Talon | 1 | |
| Hardened Skin | 1 | |
14 total
» buildings
| Moon Well | 8 | |
| Ancient of War | 1 | |
| Altar of Elders | 3 | |
| Hunter's Hall | 1 | |
| Tree of Ages | 2 | |
| Ancient of Wonders | 1 | |
| Ancient Protector | 6 | |
| Tree of Life | 4 | |
| Ancient of Wind | 5 | |
| Ancient of Lore | 3 | |
| Tree of Eternity | 2 | |
36 total
» build order
00:32 Moon Well
00:44 Ancient of War
01:06 Altar of Elders
02:03 Moon Well
02:33 Hunter's Hall
03:08 Moon Well
03:34 Moon Well
04:45 Tree of Ages
05:37 Ancient of Wonders
06:10 Ancient Protector
07:06 Tree of Life
07:21 Ancient of Wind
07:25 Ancient of Lore
07:57 Ancient of Wind
08:04 Ancient of Lore
09:32 Moon Well
10:24 Ancient Protector
12:22 Moon Well
13:03 Ancient Protector
13:08 Ancient Protector
14:38 Tree of Eternity
18:23 Ancient Protector
18:28 Ancient Protector
19:03 Ancient of Wind
19:59 Ancient of Wind
22:25 Tree of Life
22:45 Altar of Elders
22:54 Altar of Elders
23:26 Tree of Ages
28:20 Ancient of Wind
28:23 Ancient of Lore
30:07 Tree of Eternity
31:02 Moon Well
31:09 Moon Well
32:17 Tree of Life
32:20 Tree of Life
» items
| Scroll of Protection | 1 | |
| Scroll of Town Portal | 4 | |
| Boots of Speed | 1 | |
6 total

»
Naxx (
yellow | 22 APM | 764 actions | 35:10)
4 Far Seer
2 Feral Spirit
2 Chain Lighting
» actions
| Assign group hotkey | 12 | |
| Basic commands | 14 | |
| Build / train | 72 | |
| Enter build submenu | 22 | |
| Enter hero's abilities submenu | 4 | |
| Give item / drop item | 3 | |
| Right click | 272 | |
| Select / deselect | 233 | |
| Select group hotkey | 77 | |
| Use ability | 55 | |
764 total
» units
| Peon | 24 | |
| Grunt | 5 | |
| Goblin Shredder | 2 | |
| Shaman | 4 | |
| Raider | 3 | |
| Kodo Beast | 1 | |
| Troll Batrider | 7 | |
46 total
» upgrades
| Spiked Barricades | 3 | |
| Melee Weapons | 1 | |
| Armor | 1 | |
| Shaman Training | 2 | |
| Ensnare | 1 | |
| Reinforced Defenses | 1 | |
| Pillage | 1 | |
| War Drums Damage Increase | 1 | |
11 total
» buildings
| Altar of Storms | 1 | |
| Orc Burrow | 9 | |
| Barracks | 1 | |
| Voodoo Lounge | 1 | |
| War Mill | 1 | |
| Watch Tower | 3 | |
| Stronghold | 1 | |
| Great Hall | 1 | |
| Spirit Lodge | 1 | |
| Fortress | 1 | |
| Beastiary | 2 | |
22 total
» build order
00:06 Altar of Storms
00:08 Orc Burrow
00:50 Barracks
01:28 Orc Burrow
01:59 Voodoo Lounge
02:45 War Mill
03:05 Orc Burrow
03:44 Orc Burrow
04:47 Watch Tower
04:51 Watch Tower
04:55 Watch Tower
05:36 Stronghold
06:58 Great Hall
08:01 Spirit Lodge
11:33 Orc Burrow
11:36 Orc Burrow
13:03 Fortress
13:43 Beastiary
13:46 Beastiary
15:09 Orc Burrow
15:26 Orc Burrow
15:33 Orc Burrow
» items
| Healing Salve | 2 | |
| Periapt of Vitality | 1 | |
| Scroll of Town Portal | 5 | |
8 total
team 2 (loser)
DJBJ06 (
green | 74 APM | 2056 actions | 27:50)
5 Blademaster
3 Wind Walk
2 Critical Strike
4 Tauren Chieftain
2 War Stomp
2 Endurance Aura
3 Shadow Hunter
2 Healing Wave
1 Hex
» actions
| Assign group hotkey | 57 | |
| Basic commands | 24 | |
| Build / train | 80 | |
| Enter build submenu | 24 | |
| Enter hero's abilities submenu | 12 | |
| Give item / drop item | 2 | |
| Right click | 1090 | |
| Select / deselect | 396 | |
| Select group hotkey | 260 | |
| Use ability | 111 | |
2056 total
» units
| Peon | 14 | |
| Grunt | 5 | |
| Tauren | 9 | |
| Spirit Walker | 4 | |
32 total
» upgrades
| Spirit Walker Training | 2 | |
| Armor | 2 | |
| Melee Weapons | 1 | |
| Pulverize | 1 | |
6 total
» buildings
| Altar of Storms | 2 | |
| Orc Burrow | 10 | |
| Barracks | 1 | |
| Voodoo Lounge | 1 | |
| Stronghold | 1 | |
| War Mill | 1 | |
| Great Hall | 2 | |
| Watch Tower | 5 | |
| Fortress | 3 | |
| Spirit Lodge | 1 | |
| Tauren Totem | 2 | |
29 total
» build order
00:09 Altar of Storms
00:21 Orc Burrow
01:01 Barracks
01:31 Voodoo Lounge
01:51 Orc Burrow
03:24 Stronghold
03:40 War Mill
03:47 Orc Burrow
06:52 Great Hall
06:56 Watch Tower
06:59 Watch Tower
07:01 Watch Tower
07:13 Fortress
07:14 Fortress
08:17 Spirit Lodge
08:21 Orc Burrow
08:26 Watch Tower
08:27 Watch Tower
09:09 Orc Burrow
09:12 Orc Burrow
10:28 Tauren Totem
14:42 Altar of Storms
14:45 Tauren Totem
19:24 Orc Burrow
19:24 Orc Burrow
22:32 Great Hall
24:34 Orc Burrow
24:37 Orc Burrow
» items
| Healing Salve | 5 | |
| Lesser Clarity Potion | 6 | |
| Orb of Lightning | 2 | |
| Scroll of Town Portal | 3 | |
| Potion of Healing | 3 | |
| Potion of Mana | 1 | |
20 total

»
listen_2_blink (
blue | 37 APM | 1317 actions | 35:09)
6 Death Knight
2 Death Coil
3 Unholy Aura
1 Animate Dead
4 Crypt Lord
2 Impale
2 Spiked Carapace
1 Paladin
1 Devotion Aura
» actions
| Assign group hotkey | 40 | |
| Build / train | 89 | |
| Enter build submenu | 21 | |
| Enter hero's abilities submenu | 11 | |
| Give item / drop item | 1 | |
| Remove unit from queue | 6 | |
| Right click | 447 | |
| Select / deselect | 357 | |
| Select group hotkey | 265 | |
| Use ability | 80 | |
1317 total
» units
| Acolyte | 14 | |
| Ghoul | 6 | |
| Crypt Fiend | 12 | |
| Frost Wyrm | 14 | |
| Gryphon Rider | 4 | |
50 total
» upgrades
| Creature Attack | 3 | |
| Creature Carapace | 3 | |
| Web | 1 | |
| Freezing Breath | 1 | |
| Masonry | 1 | |
| Ghoul Frenzy | 1 | |
10 total
» buildings
| Altar of Darkness | 1 | |
| Ziggurat | 10 | |
| Crypt | 1 | |
| Graveyard | 1 | |
| Tomb of Relics | 1 | |
| Nerubian Tower | 3 | |
| Halls of the Dead | 1 | |
| Sacrificial Pit | 1 | |
| Black Citadel | 1 | |
| Boneyard | 2 | |
| Spirit Tower | 3 | |
| Necropolis | 1 | |
26 total
» build order
00:13 Altar of Darkness
00:21 Ziggurat
00:58 Crypt
01:05 Ziggurat
01:19 Graveyard
01:58 Tomb of Relics
04:33 Nerubian Tower
04:40 Ziggurat
05:00 Halls of the Dead
07:14 Ziggurat
07:20 Ziggurat
07:26 Ziggurat
08:31 Sacrificial Pit
09:43 Black Citadel
11:20 Ziggurat
12:07 Boneyard
12:14 Boneyard
12:17 Ziggurat
12:22 Ziggurat
13:22 Spirit Tower
13:36 Nerubian Tower
18:08 Ziggurat
18:12 Necropolis
21:42 Spirit Tower
21:43 Spirit Tower
22:09 Nerubian Tower
» items
| Rod of Necromancy | 1 | |
| Scroll of Town Portal | 2 | |
| Orb of Corruption | 1 | |
4 total
LevelOneLegend (
red | 58 APM | 1600 actions | 27:46)
5 Blademaster
3 Wind Walk
2 Critical Strike
3 Shadow Hunter
1 Hex
2 Healing Wave
2 Tauren Chieftain
1 War Stomp
1 Endurance Aura
» actions
| Assign group hotkey | 28 | |
| Basic commands | 9 | |
| Build / train | 119 | |
| Enter build submenu | 15 | |
| Enter hero's abilities submenu | 10 | |
| Give item / drop item | 1 | |
| Remove unit from queue | 2 | |
| Right click | 957 | |
| Select / deselect | 328 | |
| Select group hotkey | 46 | |
| Use ability | 85 | |
1600 total
» units
| Peon | 22 | |
| Grunt | 6 | |
| Troll Headhunter/Berserker | 14 | |
| Kodo Beast | 1 | |
| Wind Rider | 4 | |
| Tauren | 8 | |
| Raider | 1 | |
| Goblin Sapper | 1 | |
| Troll Batrider | 13 | |
70 total
» upgrades
| Pillage | 1 | |
| Melee Weapons | 1 | |
| Ensnare | 1 | |
| Berserker Upgrade | 1 | |
| Ranged Weapons | 2 | |
6 total
» buildings
| Altar of Storms | 1 | |
| Orc Burrow | 8 | |
| Barracks | 1 | |
| War Mill | 1 | |
| Voodoo Lounge | 1 | |
| Stronghold | 1 | |
| Beastiary | 2 | |
| Fortress | 5 | |
| Great Hall | 1 | |
| Tauren Totem | 1 | |
22 total
» build order
00:06 Altar of Storms
00:11 Orc Burrow
00:17 Barracks
01:53 War Mill
02:23 Orc Burrow
02:31 Voodoo Lounge
04:23 Stronghold
04:30 Orc Burrow
05:38 Orc Burrow
06:49 Beastiary
07:12 Fortress
07:13 Fortress
08:37 Great Hall
09:53 Tauren Totem
12:21 Orc Burrow
12:21 Orc Burrow
12:22 Orc Burrow
22:48 Beastiary
» items
| Circlet of Nobility | 1 | |
| Boots of Speed | 2 | |
| Healing Salve | 3 | |
| Lesser Clarity Potion | 1 | |
| Scroll of Speed | 1 | |
| Scroll of Town Portal | 6 | |
| Scroll of Protection | 1 | |
| Scroll of Healing | 1 | |
| Orb of Lightning | 4 | |
| Orb of Fire | 1 | |
| Tiny Great Hall | 1 | |
22 total

»
BroingOut (
orange | 32 APM | 842 actions | 26:32)
6 Paladin
3 Holy Light
2 Divine Shield
1 Resurrection
» actions
| Build / train | 92 | |
| Enter build submenu | 36 | |
| Enter hero's abilities submenu | 6 | |
| Give item / drop item | 1 | |
| Right click | 377 | |
| Select / deselect | 262 | |
| Use ability | 68 | |
842 total
» units
| Peasant | 18 | |
| Footman | 8 | |
| Rifleman | 4 | |
| Gryphon Rider | 25 | |
| Dragonhawk Rider | 1 | |
56 total
» upgrades
| Swords | 4 | |
| Armor | 4 | |
| Lumber Harvesting | 2 | |
| Masonry | 2 | |
| Storm Hammers | 1 | |
| Animal War Training | 1 | |
14 total
» buildings
| Altar of Kings | 1 | |
| Farm | 12 | |
| Barracks | 1 | |
| Blacksmith | 1 | |
| Keep | 1 | |
| Lumber Mill | 1 | |
| Town Hall | 1 | |
| Castle | 1 | |
| Gryphon Aviary | 3 | |
| Scout Tower | 13 | |
| Guard Tower | 11 | |
| Arcane Vault | 1 | |
| Arcane Tower | 2 | |
49 total
» build order
00:06 Altar of Kings
00:08 Farm
00:15 Barracks
00:49 Farm
01:29 Farm
02:09 Farm
02:53 Farm
03:46 Farm
04:05 Blacksmith
04:26 Farm
04:37 Keep
05:15 Lumber Mill
07:31 Town Hall
08:46 Castle
09:32 Gryphon Aviary
09:46 Gryphon Aviary
11:11 Scout Tower
11:21 Gryphon Aviary
12:07 Scout Tower
12:20 Guard Tower
12:39 Farm
12:43 Farm
12:45 Guard Tower
13:22 Farm
13:28 Farm
14:32 Farm
14:36 Scout Tower
15:25 Arcane Vault
15:29 Scout Tower
15:30 Guard Tower
16:21 Scout Tower
16:22 Guard Tower
17:32 Guard Tower
17:34 Scout Tower
18:31 Scout Tower
18:33 Guard Tower
19:23 Scout Tower
19:25 Guard Tower
20:14 Scout Tower
20:15 Guard Tower
23:03 Scout Tower
23:05 Guard Tower
23:39 Scout Tower
23:41 Guard Tower
23:43 Arcane Tower
24:37 Scout Tower
24:40 Arcane Tower
25:19 Scout Tower
25:21 Guard Tower
Chat log
(00:23 / Allies) I_Hustle: units
(00:39 / Allies) BananaBilly: umm
(00:43 / All) LevelOneLegend: Anyone else a virgin?
(00:47 / Allies) BananaBilly: i'll melee
(00:49 / Allies) BananaBilly: caster
(00:50 / All) BroingOut: lol
(00:55 / All) LevelOneLegend: Odd
(01:02 / All) INCEST-IN-WC3: ITSS BNET WE ONLY SEEN OUR GRANDMA IN SHOWER
(01:34 / All) LevelOneLegend: did it feel good?
(01:45 / All) LevelOneLegend: Scale 1-10?
(01:49 / All) BroingOut: did you wrap it up?
(01:57 / All) BroingOut: nice raw doggin
(02:15 / All) LevelOneLegend: So was he tight?
(02:23 / All) BroingOut: is she o the phill
(02:25 / All) BroingOut: pill
(03:51 / All) LevelOneLegend: You didnt cum?
(03:53 / All) LevelOneLegend: wtf
(03:56 / All) BroingOut: of course i did
(04:08 / All) LevelOneLegend: why didnt you cum?
(04:13 / All) LevelOneLegend: lmao pointles
(04:16 / All) BroingOut: that doesnt count then
(04:37 / All) LevelOneLegend: got me
(06:09 / All) LevelOneLegend: Anyone ever suck someone offbefore?
(06:14 / All) BroingOut: ok thats enough
(06:30 / All) LevelOneLegend: ? It's a legitimate question....
(06:43 / All) LevelOneLegend: No homo, just for fun
(07:04 / All) LevelOneLegend: No? Very odd
(08:28 / Allies) Naxx: ignore that
(08:31 / Allies) Naxx: was on accident
(10:52 / Allies) I_Hustle: tower up yellow
(13:26 / All) LevelOneLegend: gj blue
(13:32 / All) LevelOneLegend: seriously
(14:41 / Allies) Naxx: i wish i could do more guys they;re just on me like notihng else
(16:49 / Allies) I_Hustle: go tyellow
(17:12 / Allies) I_Hustle: bm
(18:31 / Allies) BananaBilly: b
(19:52 / Allies) BananaBilly: ffs
(19:57 / Allies) BananaBilly: use ur base
(20:31 / Allies) Naxx: for real?@
(20:40 / Allies) BananaBilly: u suicided
(20:54 / Allies) BananaBilly: comming
(21:27 / Allies) Naxx: have fun losing
(21:32 / Allies) BananaBilly: tp teal?
(21:34 / Allies) I_Hustle: tp
(21:42 / Allies) BananaBilly: repair
(21:43 / Allies) BananaBilly: tp now
(23:22 / Allies) INCEST-IN-WC3: put shade whereever\
(23:35 / Allies) BananaBilly: ty
(25:55 / Allies) BananaBilly: inc
(26:32 / Allies) BananaBilly: frost are shackled
(27:03 / All) INCEST-IN-WC3: fun game
(27:43 / All) LevelOneLegend: gg
(27:53 / Allies) BananaBilly: gj yellow
(27:55 / Allies) BananaBilly: hangin in there
(27:59 / Allies) INCEST-IN-WC3: lolz
(28:01 / All) I_Hustle: lol
(29:35 / Allies) INCEST-IN-WC3: i dont know if we would have won if stupid blue didnt lose all his shit 1v3
(32:24 / Allies) BananaBilly: lol
(32:59 / Allies) BananaBilly: lol
(33:06 / Allies) INCEST-IN-WC3: lawl
(33:10 / Allies) INCEST-IN-WC3: i am so lazy i do that sometimes
(34:39 / All) INCEST-IN-WC3: die blue!!!!
(34:48 / All) INCEST-IN-WC3: banana billy trick u!!
(34:59 / Allies) BananaBilly: fcking mk didnt port